| TOP OF THE 1ST |
|
Fort Wayne TinCaps batting - Pitching for South Bend Cubs : RHP Melvin Orengo
|
|
Pitching: RHP Melvin Orengo
|
|
|
Batting: SHB Detlef Oursler
|
0-0: Ball 1-0: Ball 2-0: Foul Ball, location: 2F 2-1: Ball 3-1: Swinging Strike 3-2: Strikes out swinging
|
|
Batting: RHB Adrian Cook
|
0-0: Ball 1-0: Called Strike 1-1: Ball 2-1: Swinging Strike 2-2: Ball 3-2: Base on Balls
|
|
Batting: LHB Chad Cutler
|
0-0: Ball 1-0: Foul Ball, location: 2F 1-1: Ball Adrian Cook steals 2nd base 2-1: Called Strike 2-2: Ball 3-2: Strikes out swinging
|
|
Batting: RHB Dave Cordero
|
0-0: Swinging Strike 0-1: Fly out, F8 (Flyball, 78M, EV 95.6 MPH)
|
| Top of the 1st over - 0 runs, 0 hits, 0 errors, 1 left on base; Fort Wayne 0 - South Bend 0 |
| BOTTOM OF THE 1ST |
|
South Bend Cubs batting - Pitching for Fort Wayne TinCaps : LHP Juan Lopez
|
|
Pitching: LHP Juan Lopez
|
|
|
Batting: RHB Andy Huntley
|
0-0: Ball 1-0: Called Strike 1-1: Swinging Strike 1-2: Ball 2-2: Ball 3-2: Foul Ball, location: 2F 3-2: Base on Balls
|
|
Batting: LHB Kwang-chih Men
|
0-0: Called Strike Andy Huntley steals 2nd base 0-1: Swinging Strike 0-2: Ball 1-2: Foul Ball, location: 2F 1-2: Ball 2-2: Ball 3-2: Strikes out swinging
|
|
Batting: RHB Juan Bonilla
|
0-0: Ground out 4-3 (Groundball, 4, EV 80.6 MPH) Andy Huntley to third
|
|
Batting: RHB Han-seung Hah
|
0-0: Called Strike 0-1: Ball 1-1: Called Strike 1-2: Ball 2-2: Strikes out swinging
|
| Bottom of the 1st over - 0 runs, 0 hits, 0 errors, 1 left on base; Fort Wayne 0 - South Bend 0 |
| TOP OF THE 2ND |
|
Fort Wayne TinCaps batting - Pitching for South Bend Cubs : RHP Melvin Orengo
|
|
Batting: LHB Sean Trueblood
|
0-0: SINGLE (Groundball, 4MD, EV 103.8 MPH)
|
|
Batting: LHB Justin Alworth
|
0-0: Ball 1-0: Fly out, F6 (Popup, 6, EV 76.9 MPH)
|
|
Batting: LHB Javy Portela
|
0-0: Ball 1-0: SINGLE (Groundball, 4MS, EV 73.1 MPH) (infield hit) Sean Trueblood to second
|
|
Batting: RHB Brian Klinkner
|
0-0: Called Strike 0-1: Ball 1-1: Ball 2-1: Foul Ball, location: 2F 2-2: Strikes out looking
|
|
Batting: RHB Dustin Hartman
|
0-0: Ball 1-0: Called Strike 1-1: Ground out 4-3 (Groundball, 4, EV 90.6 MPH)
|
| Top of the 2nd over - 0 runs, 2 hits, 0 errors, 2 left on base; Fort Wayne 0 - South Bend 0 |
| BOTTOM OF THE 2ND |
|
South Bend Cubs batting - Pitching for Fort Wayne TinCaps : LHP Juan Lopez
|
|
Batting: RHB Puluke Konane
|
0-0: Ball 1-0: Ball 2-0: Called Strike 2-1: Ball 3-1: SINGLE (Groundball, 56D, EV 105.0 MPH)
|
|
Batting: RHB Dylan Burke
|
0-0: Called Strike Puluke Konane is caught stealing 2nd base 2-4 0-1: TRIPLE (Flyball, 8LXD, EV 88.8 MPH)
|
|
Batting: RHB Denis Rachin
|
0-0: Ball 1-0: SINGLE (Groundball, 6MD, EV 101.2 MPH) Dylan Burke scores
|
|
Batting: RHB Hugo Torrez
|
0-0: Ball 1-0: Reached on error, E1 (Groundball, 15S, EV 63.1 MPH) Denis Rachin to second
|
|
Batting: LHB Hiroki Yamamoto
|
0-0: Swinging Strike 0-1: Foul Ball, location: 2F 0-2: Ball 1-2: Foul Ball, location: 2F 1-2: Ball 2-2: Ball Balk! Denis Rachin to third Hugo Torrez to second 3-2: Ground out 6-3 (Groundball, 6, EV 82.5 MPH) Denis Rachin scores Hugo Torrez to third
|
|
Batting: RHB Andy Huntley
|
0-0: Called Strike 0-1: Ball 1-1: Ball 2-1: Foul Ball, location: 2F 2-2: Strikes out swinging
|
| Bottom of the 2nd over - 2 runs, 3 hits, 1 error, 1 left on base; Fort Wayne 0 - South Bend 2 |
| TOP OF THE 3RD |
|
Fort Wayne TinCaps batting - Pitching for South Bend Cubs : RHP Melvin Orengo
|
|
Batting: SHB Detlef Oursler
|
0-0: Ball 1-0: Foul Ball, location: 2F 1-1: Foul Ball, location: 2F 1-2: Ball 2-2: Foul Ball, location: 2F 2-2: SOLO HOME RUN (Flyball, 9LD, EV 97.5 MPH), Distance : 373 ft
|
|
Batting: RHB Adrian Cook
|
0-0: Foul Ball, location: 2F 0-1: Swinging Strike 0-2: Strikes out swinging
|
|
Batting: LHB Chad Cutler
|
0-0: Called Strike 0-1: Ball 1-1: SINGLE (Flyball, 8RS, EV 93.1 MPH)
|
|
Batting: RHB Dave Cordero
|
0-0: Ball Chad Cutler is caught stealing 2nd base 2-4 1-0: Ball 2-0: Foul Ball, location: 2F 2-1: Ball 3-1: Foul Ball, location: 2F 3-2: Base on Balls
|
|
Batting: LHB Sean Trueblood
|
0-0: Called Strike 0-1: Ball 1-1: Ball 2-1: Ball 3-1: Base on Balls Dave Cordero to second
|
|
Batting: LHB Justin Alworth
|
0-0: Ball 1-0: Fly out, F7 (Flyball, 78D, EV 74.4 MPH)
|
| Top of the 3rd over - 1 run, 2 hits, 0 errors, 2 left on base; Fort Wayne 1 - South Bend 2 |
| BOTTOM OF THE 3RD |
|
South Bend Cubs batting - Pitching for Fort Wayne TinCaps : LHP Juan Lopez
|
|
Batting: LHB Kwang-chih Men
|
0-0: Ball 1-0: Foul Ball, location: 2F 1-1: Swinging Strike 1-2: Strikes out looking
|
|
Batting: RHB Juan Bonilla
|
0-0: Called Strike 0-1: Ball 1-1: Foul Ball, location: 2F 1-2: Ball 2-2: Strikes out looking
|
|
Batting: RHB Han-seung Hah
|
0-0: Ball 1-0: Ball 2-0: Called Strike 2-1: Fly out, F7 (Line Drive, 7, EV 89.4 MPH)
|
| Bottom of the 3rd over - 0 runs, 0 hits, 0 errors, 0 left on base; Fort Wayne 1 - South Bend 2 |
| TOP OF THE 4TH |
|
Fort Wayne TinCaps batting - Pitching for South Bend Cubs : RHP Melvin Orengo
|
|
Batting: LHB Javy Portela
|
0-0: Ball 1-0: Foul Ball, location: 2F 1-1: Called Strike 1-2: Foul Ball, location: 2F 1-2: Foul Ball, location: 2F 1-2: Ball 2-2: Ball 3-2: Base on Balls
|
|
Batting: RHB Brian Klinkner
|
0-0: Ball 1-0: Fly out, F8 (Flyball, 8LM, EV 95.0 MPH)
|
|
Batting: RHB Dustin Hartman
|
0-0: Fly out, F9 (Flyball, 89S, EV 86.2 MPH)
|
|
Batting: SHB Detlef Oursler
|
0-0: Ball 1-0: Ball 2-0: Swinging Strike 2-1: SINGLE (Line Drive, 6MD, EV 99.4 MPH) Javy Portela to second Runner from 2nd tries for 3rd, OUT! 8-5
|
| Top of the 4th over - 0 runs, 1 hit, 0 errors, 1 left on base; Fort Wayne 1 - South Bend 2 |
| BOTTOM OF THE 4TH |
|
South Bend Cubs batting - Pitching for Fort Wayne TinCaps : LHP Juan Lopez
|
|
Batting: RHB Puluke Konane
|
0-0: Swinging Strike 0-1: Ball 1-1: Ground out 6-3 (Groundball, 6, EV 86.2 MPH)
|
|
Batting: RHB Dylan Burke
|
0-0: Ball 1-0: Foul Ball, location: 2F 1-1: Ball 2-1: Ball 3-1: Fly out, F4 (Popup, 4, EV 74.4 MPH)
|
|
Batting: RHB Denis Rachin
|
0-0: Ball 1-0: Ball 2-0: Called Strike 2-1: Swinging Strike 2-2: Ball 3-2: Base on Balls
|
|
Batting: RHB Hugo Torrez
|
0-0: Ball 1-0: Swinging Strike 1-1: Swinging Strike 1-2: Ball 2-2: Ball 3-2: Strikes out swinging
|
| Bottom of the 4th over - 0 runs, 0 hits, 0 errors, 1 left on base; Fort Wayne 1 - South Bend 2 |
| TOP OF THE 5TH |
|
Fort Wayne TinCaps batting - Pitching for South Bend Cubs : RHP Melvin Orengo
|
|
Batting: RHB Adrian Cook
|
0-0: Ball 1-0: Ground out 5-3 (Groundball, 5L, EV 103.1 MPH)
|
|
Batting: LHB Chad Cutler
|
0-0: Foul Ball, location: 2F 0-1: Ball 1-1: Foul Ball, location: 2F 1-2: Hit by Pitch
|
|
Batting: RHB Dave Cordero
|
0-0: Ball 1-0: Called Strike 1-1: Ball 2-1: Fly out, F8 (Flyball, 8RM, EV 87.5 MPH)
|
|
Pitching: RHP Velimir Sljivancanin
|
|
|
Batting: LHB Sean Trueblood
|
0-0: Ball Chad Cutler steals 2nd base 1-0: Ball 2-0: Ball 3-0: Base on Balls
|
|
Batting: LHB Justin Alworth
|
0-0: Called Strike 0-1: Called Strike 0-2: Strikes out looking
|
| Top of the 5th over - 0 runs, 0 hits, 0 errors, 2 left on base; Fort Wayne 1 - South Bend 2 |
| BOTTOM OF THE 5TH |
|
South Bend Cubs batting - Pitching for Fort Wayne TinCaps : LHP Juan Lopez
|
|
Batting: LHB Hiroki Yamamoto
|
0-0: Ball 1-0: Ball 2-0: Ground out 4-3 (Groundball, 4, EV 87.5 MPH)
|
|
Batting: RHB Andy Huntley
|
0-0: Ball 1-0: Foul Ball, location: 2F 1-1: Ground out 4-3 (Groundball, 4M, EV 87.5 MPH)
|
|
Batting: LHB Kwang-chih Men
|
0-0: Ball 1-0: Ground out 4-3 (Groundball, 4, EV 90.6 MPH)
|
| Bottom of the 5th over - 0 runs, 0 hits, 0 errors, 0 left on base; Fort Wayne 1 - South Bend 2 |
| TOP OF THE 6TH |
|
Fort Wayne TinCaps batting - Pitching for South Bend Cubs : RHP Velimir Sljivancanin
|
|
Batting: LHB Javy Portela
|
0-0: Ball 1-0: Ball 2-0: Ball 3-0: Called Strike 3-1: Foul Ball, location: 2F 3-2: Foul Ball, location: 2F 3-2: Strikes out swinging
|
|
Batting: RHB Brian Klinkner
|
0-0: Ball 1-0: Ball 2-0: Ball 3-0: Called Strike 3-1: Base on Balls
|
|
Batting: RHB Dustin Hartman
|
0-0: Called Strike 0-1: Foul Ball, location: 2F 0-2: Ball 1-2: Strikes out looking
|
|
Batting: SHB Detlef Oursler
|
0-0: Swinging Strike 0-1: Foul Ball, location: 2F 0-2: Ground out U3 (Groundball, 3S, EV 85.6 MPH)
|
| Top of the 6th over - 0 runs, 0 hits, 0 errors, 1 left on base; Fort Wayne 1 - South Bend 2 |
| BOTTOM OF THE 6TH |
|
South Bend Cubs batting - Pitching for Fort Wayne TinCaps : LHP Juan Lopez
|
|
Batting: RHB Juan Bonilla
|
0-0: Called Strike 0-1: Ground out U3 (Groundball, 3S, EV 88.1 MPH)
|
|
Pitching: RHP Mike Swenson
|
|
|
Batting: RHB Han-seung Hah
|
0-0: Called Strike 0-1: Swinging Strike 0-2: Ball 1-2: Ball 2-2: Ball 3-2: Base on Balls
|
|
Batting: RHB Puluke Konane
|
0-0: Ball 1-0: Ball Han-seung Hah steals 2nd base 2-0: Ball 3-0: Called Strike 3-1: Ground out 5-3 (Groundball, 56, EV 82.5 MPH)
|
|
Batting: RHB Dylan Burke
|
0-0: Foul Ball, location: 2F 0-1: Ball 1-1: Called Strike 1-2: Ground out 6-3 (Groundball, 56, EV 101.2 MPH)
|
| Bottom of the 6th over - 0 runs, 0 hits, 0 errors, 1 left on base; Fort Wayne 1 - South Bend 2 |
| TOP OF THE 7TH |
|
Fort Wayne TinCaps batting - Pitching for South Bend Cubs : RHP Velimir Sljivancanin
|
|
Pitching: RHP Angel Pesina
|
|
|
Now at 1B: Kwang-chih Men
|
|
|
Now at 2B: Ryan Bush
|
|
|
Batting: RHB Adrian Cook
|
0-0: Called Strike 0-1: Ground out 4-3 (Groundball, 34, EV 103.1 MPH)
|
|
Batting: LHB Chad Cutler
|
0-0: Ball 1-0: Foul Ball, location: 2F 1-1: Foul Ball, location: 2F 1-2: Fly out, F5 (Line Drive, 56, EV 75.0 MPH)
|
|
Batting: RHB Dave Cordero
|
0-0: Ball 1-0: Called Strike 1-1: Ball 2-1: SINGLE (Line Drive, 56, EV 98.1 MPH)
|
|
Batting: LHB Sean Trueblood
|
0-0: Ball 1-0: Ground out 4-3 (Groundball, 4, EV 101.9 MPH)
|
| Top of the 7th over - 0 runs, 1 hit, 0 errors, 1 left on base; Fort Wayne 1 - South Bend 2 |
| BOTTOM OF THE 7TH |
|
South Bend Cubs batting - Pitching for Fort Wayne TinCaps : RHP Mike Swenson
|
|
Batting: RHB Denis Rachin
|
0-0: Ball 1-0: Ball 2-0: Reached on error, E6 (Groundball, 6, EV 103.8 MPH)
|
|
Batting: RHB Hugo Torrez
|
0-0: Ball 1-0: Bunt missed! 1-1: Bunted foul 1-2: Ball 2-2: Ball 3-2: Base on Balls Denis Rachin to second
|
|
Batting: LHB Hiroki Yamamoto
|
0-0: Ball 1-0: Grounds into double play, 3-6-1 (Groundball, 3, EV 86.2 MPH) Denis Rachin to third
|
|
Batting: RHB Andy Huntley
|
0-0: Foul Ball, location: 2F 0-1: Ball 1-1: Ball 2-1: Foul Ball, location: 2F 2-2: Foul Ball, location: 2F 2-2: Ball 3-2: SINGLE (Groundball, 56S, EV 66.9 MPH) (infield hit) Denis Rachin scores
|
|
Batting: LHB Kwang-chih Men
|
0-0: Ball 1-0: Foul Ball, location: 2F 1-1: Fielders Choice at 2nd, U6 (Groundball, 6M, EV 98.1 MPH)
|
| Bottom of the 7th over - 1 run, 1 hit, 1 error, 1 left on base; Fort Wayne 1 - South Bend 3 |
| TOP OF THE 8TH |
|
Fort Wayne TinCaps batting - Pitching for South Bend Cubs : RHP Angel Pesina
|
|
Batting: LHB Justin Alworth
|
0-0: Called Strike 0-1: Called Strike 0-2: Ball 1-2: Strikes out swinging
|
|
Batting: LHB Javy Portela
|
0-0: Ball 1-0: Ball 2-0: Called Strike 2-1: Ground out 4-3 (Groundball, 34, EV 101.9 MPH)
|
|
Batting: RHB Brian Klinkner
|
0-0: Ball 1-0: Ball 2-0: Ball 3-0: Base on Balls
|
|
Batting: RHB Dustin Hartman
|
0-0: Ball 1-0: Ball 2-0: Ball Wild Pitch! Brian Klinkner to second 3-0: Called Strike 3-1: Foul Ball, location: 2F 3-2: Ground out 6-3 (Groundball, 6D, EV 108.8 MPH)
|
| Top of the 8th over - 0 runs, 0 hits, 0 errors, 1 left on base; Fort Wayne 1 - South Bend 3 |
| BOTTOM OF THE 8TH |
|
South Bend Cubs batting - Pitching for Fort Wayne TinCaps : RHP Mike Swenson
|
|
Pitching: RHP Phil Holmes
|
|
|
Batting: RHB Ryan Bush
|
0-0: Ball 1-0: Swinging Strike 1-1: Called Strike 1-2: Strikes out looking
|
|
Batting: RHB Han-seung Hah
|
0-0: SINGLE (Line Drive, 4M, EV 103.1 MPH)
|
|
Batting: RHB Puluke Konane
|
0-0: Ball 1-0: Ball 2-0: SINGLE (Groundball, 6MD, EV 94.4 MPH) Han-seung Hah to second
|
|
Batting: RHB Dylan Burke
|
0-0: SINGLE (Groundball, 3D, EV 94.4 MPH) Han-seung Hah to third Puluke Konane to second Runner from 3rd tries for Home, SAFE, throw by RF to home
|
|
Batting: RHB Denis Rachin
|
0-0: Ball 1-0: Ball 2-0: Ball 3-0: Called Strike 3-1: Reached on error, E5 (Groundball, 56, EV 78.8 MPH) Puluke Konane to third Dylan Burke to second
|
|
Batting: RHB Hugo Torrez
|
0-0: Swinging Strike 0-1: Ball 1-1: Foul Ball, location: 2F 1-2: Foul Ball, location: 2F 1-2: Ball 2-2: Strikes out swinging
|
|
Batting: LHB Hiroki Yamamoto
|
0-0: Called Strike 0-1: Fly out, F9 (Flyball, 9, EV 90.0 MPH)
|
| Bottom of the 8th over - 1 run, 3 hits, 1 error, 3 left on base; Fort Wayne 1 - South Bend 4 |
| TOP OF THE 9TH |
|
Fort Wayne TinCaps batting - Pitching for South Bend Cubs : RHP Angel Pesina
|
|
Pitching: RHP Jose Mata
|
|
|
Batting: SHB Detlef Oursler
|
0-0: Ball 1-0: Foul Ball, location: 2F 1-1: Ball 2-1: Ball 3-1: Foul Ball, location: 2F 3-2: Foul Ball, location: 2F 3-2: Base on Balls
|
|
Pinch Hitting: LHB Tony Contreras
|
0-0: Ball 1-0: Ball 2-0: Ball 3-0: Base on Balls Detlef Oursler to second
|
|
Batting: LHB Chad Cutler
|
0-0: Ball Wild Pitch! Detlef Oursler to third Tony Contreras to second 1-0: Ground out 6-3 (Groundball, 4M, EV 105.6 MPH) Detlef Oursler scores Tony Contreras to third
|
|
Batting: RHB Dave Cordero
|
0-0: Ball 1-0: Called Strike 1-1: Ball 2-1: Foul Ball, location: 2F 2-2: 2-RUN HOME RUN (Flyball, 7D, EV 96.9 MPH), Distance : 382 ft
|
|
Batting: LHB Sean Trueblood
|
0-0: Called Strike 0-1: SINGLE (Groundball, 4D, EV 98.8 MPH)
|
|
Batting: LHB Justin Alworth
|
0-0: Foul Ball, location: 2F 0-1: Ball 1-1: Foul Ball, location: 2F 1-2: Foul Ball, location: 2F 1-2: Strikes out swinging
|
|
Batting: LHB Javy Portela
|
0-0: Ground out 4-3 (Groundball, 4, EV 101.2 MPH)
|
| Top of the 9th over - 3 runs, 2 hits, 0 errors, 1 left on base; Fort Wayne 4 - South Bend 4 |
| BOTTOM OF THE 9TH |
|
South Bend Cubs batting - Pitching for Fort Wayne TinCaps : RHP Phil Holmes
|
|
Pitching: RHP Jose Ramos
|
|
|
Now in RF: Danny Gallegos
|
|
|
Batting: RHB Andy Huntley
|
0-0: Foul Ball, location: 2F 0-1: Foul Ball, location: 2F 0-2: Foul Ball, location: 2F 0-2: Ball 1-2: Strikes out swinging
|
|
Batting: LHB Kwang-chih Men
|
0-0: Called Strike 0-1: Ball 1-1: Swinging Strike 1-2: Strikes out looking
|
|
Batting: RHB Ryan Bush
|
0-0: Ball 1-0: Ball 2-0: Ground out 6-3 (Groundball, 6, EV 86.2 MPH)
|
| Bottom of the 9th over - 0 runs, 0 hits, 0 errors, 0 left on base; Fort Wayne 4 - South Bend 4 |
| TOP OF THE 10TH |
|
Fort Wayne TinCaps batting - Pitching for South Bend Cubs : RHP Jose Mata
|
|
Pitching: RHP Eric Allen
|
|
|
Batting: RHB Brian Klinkner
|
0-0: Ground out 2-3 (Groundball, 15S, EV 74.4 MPH)
|
|
Pinch Hitting: SHB Cesar Arteaga
|
0-0: Ball 1-0: Ball 2-0: SINGLE (Line Drive, 8RS, EV 111.2 MPH)
|
|
Batting: SHB Detlef Oursler
|
0-0: SINGLE (Groundball, 5L, EV 108.8 MPH) Cesar Arteaga to second
|
|
Pinch Hitting: LHB Ryan Anderson
|
0-0: Grounds into double play, 4-6-3 (Groundball, 4, EV 85.0 MPH)
|
| Top of the 10th over - 0 runs, 2 hits, 0 errors, 1 left on base; Fort Wayne 4 - South Bend 4 |
| BOTTOM OF THE 10TH |
|
South Bend Cubs batting - Pitching for Fort Wayne TinCaps : RHP Jose Ramos
|
|
Now at 2B: Cesar Arteaga
|
|
|
Now at 3B: Dave Cordero
|
|
|
Now in RF: Ricky Trejo
|
|
|
Batting: RHB Han-seung Hah
|
0-0: Swinging Strike 0-1: Ball 1-1: Ball 2-1: Swinging Strike 2-2: Strikes out looking
|
|
Batting: RHB Puluke Konane
|
0-0: Ball 1-0: Ground out 5-3 (Groundball, 56S, EV 83.8 MPH)
|
|
Batting: RHB Dylan Burke
|
0-0: Called Strike 0-1: Foul Ball, location: 2F 0-2: Strikes out swinging
|
| Bottom of the 10th over - 0 runs, 0 hits, 0 errors, 0 left on base; Fort Wayne 4 - South Bend 4 |
| TOP OF THE 11TH |
|
Fort Wayne TinCaps batting - Pitching for South Bend Cubs : RHP Eric Allen
|
|
Batting: LHB Chad Cutler
|
0-0: Ball 1-0: Called Strike 1-1: Ball 2-1: Foul Ball, location: 2F 2-2: Foul Ball, location: 2F 2-2: Ball 3-2: Ground out 5-3 (Groundball, 56, EV 88.1 MPH)
|
|
Batting: RHB Dave Cordero
|
0-0: Ball 1-0: Ball 2-0: Called Strike 2-1: Ground out 6-3 (Groundball, 6, EV 83.8 MPH)
|
|
Batting: LHB Sean Trueblood
|
0-0: Ball 1-0: Ball 2-0: Fly out, F7 (Flyball, 7, EV 91.2 MPH)
|
| Top of the 11th over - 0 runs, 0 hits, 0 errors, 0 left on base; Fort Wayne 4 - South Bend 4 |
| BOTTOM OF THE 11TH |
|
South Bend Cubs batting - Pitching for Fort Wayne TinCaps : RHP Jose Ramos
|
|
Batting: RHB Denis Rachin
|
0-0: Called Strike 0-1: Reached on error, E8 (Line Drive, 8RD, EV 90.0 MPH)
|
|
Batting: RHB Hugo Torrez
|
0-0: Bunt missed! 0-1: Ball 1-1: Bunted foul 1-2: Ball 2-2: Strikes out swinging
|
|
Pitching: RHP Ubbe Dekker
|
|
|
Pinch Hitting: RHB Taylor Garofalo
|
0-0: Swinging Strike 0-1: Ball 1-1: Called Strike 1-2: Ball 2-2: Foul Ball, location: 2F 2-2: Strikes out swinging
|
|
Batting: RHB Andy Huntley
|
0-0: SINGLE (Groundball, 56D, EV 102.5 MPH) Denis Rachin to second
|
|
Batting: LHB Kwang-chih Men
|
0-0: Ball 1-0: Ball 2-0: Ball 3-0: Base on Balls Denis Rachin to third Andy Huntley to second
|
|
Batting: RHB Ryan Bush
|
0-0: Ball 1-0: Foul Ball, location: 2F 1-1: Ball 2-1: Ball 3-1: Base on Balls Denis Rachin scores Andy Huntley to third Kwang-chih Men to second
|
| Bottom of the 11th over - 1 run, 1 hit, 1 error, 3 left on base; Fort Wayne 4 - South Bend 5 |
|